 Dungeon Crawl Stone Soup version 0.29-a0-275-g389c0b56f3 (webtiles) character file.

Game seed: 190696443424657409

5325 tognito the Cleaver (level 10, 0/90 HPs)
             Began as a Minotaur Berserker on Mar 11, 2022.
             Was an Elder of Trog.
             Slain by a death yak (15 damage)
             ... on level 8 of the Dungeon.
             The game lasted 00:12:44 (7110 turns).

tognito the Cleaver (Minotaur Berserker)            Turns: 7110, Time: 00:12:46

Health: 0/90       AC: 14    Str: 27    XL:     10   Next: 38%
Magic:  9/9        EV: 10    Int:  4    God:    Trog [****..]
Gold:   410        SH:  0    Dex:  9    Spells: 9/9 levels left

rFire   x . .      SeeInvis .   e - +0 war axe
rCold   + . .      Faith    .   q - orb {mayhem}
rNeg    . . .      Spirit   .   h - +2 chain mail {Will+}
rPois   .          Reflect  .   (helmet restricted)
rElec   .          Harm     .   (no cloak)
rCorr   .          Rampage  .   (no gloves)
Will    +....                   x - +0 pair of boots
Stlth   ..........              (no amulet)
HPRegen 0.25/turn               l - ring of ice
MPRegen 0.11/turn               (no ring)

@: on berserk cooldown, slowed, very slow
A: horns 2, retaliatory headbutt
a: Renounce Religion, Berserk, Trog's Hand, Brothers in Arms


You were on level 8 of the Dungeon.
You worshipped Trog.
Trog was greatly pleased with you.
You visited 1 branch of the dungeon, and saw 8 of its levels.
You also visited: Sewer.

You collected 410 gold pieces.

Inventory:

Hand Weapons
 e - a +0 war axe (weapon)
Missiles
 b - 9 poisoned darts (quivered)
 p - 2 throwing nets
Armour
 f - a +0 plate armour
 h - a +2 chain mail of willpower (worn)
 q - an orb of mayhem (worn)
 x - a +0 pair of boots (worn)
Jewellery
 l - a ring of ice (left hand)
 B - the ring "Soblif" {Ice Str+3}
   (You found it on level 6 of the Dungeon)

   [ring of ice]

   It enhances your ice magic.
   Str:       It affects your strength (+3).
   rF:        It makes you vulnerable to fire.
   rC:        It protects you from cold.
Wands
 t - a wand of polymorph (3)
 u - a wand of mindburst (10)
 y - a wand of iceblast (12)
 C - a wand of flame (15)
Scrolls
 a - 2 scrolls of immolation {unknown}
 d - 4 scrolls of identify {unknown}
 g - 2 scrolls of summoning {unknown}
 i - a scroll of holy word {unknown}
 j - 2 scrolls of amnesia {unknown}
 k - a scroll of magic mapping {unknown}
 m - a scroll of noise {unknown}
 o - a scroll of fog {unknown}
 r - 3 scrolls of blinking {unknown}
 v - 2 scrolls of enchant armour {unknown}
 w - a scroll of fear {unknown}
 E - a scroll of torment {unknown}
Potions
 c - a potion of invisibility
 n - a potion of heal wounds
 s - a potion of berserk rage
 z - 3 potions of might
 A - a potion of curing


   Skills:
 + Level 8.5 Fighting
 * Level 11.3 Axes
 + Level 6.2 Throwing
 + Level 7.8 Armour
 + Level 7.2 Dodging


You had 9 spell levels left.
You didn't know any spells.
Your spell library was empty.

Dungeon Overview and Level Annotations

Branches:
Dungeon (8/15)             Temple (0/1) D:5           Sewer (visited)
   Lair: D:8-11

Altars:
Ashenzari
Nemelex Xobeh
Qazlal
Ru
Uskayaw
Vehumet
Xom
Yredelemnul
The Shining One

Shops:
D:2 [   D:3 [


Innate Abilities, Weirdness & Mutations

You have a pair of horns on your head.
You reflexively headbutt those who attack you in melee.


Message History

You are no longer berserk.
You are exhausted.
You feel yourself slow down. The death yak closely misses you.
Something hits you but does no damage.
Items here: ) ? [ †.
You closely miss something. You hit the death yak.
You hit the death yak but do no damage. The death yak gores you.
Something hits you but does no damage.
The death yak gores you but does no damage.
Unknown command.
You hit something. Your headbutt misses something. You hit the death yak.
You slash the death yak! The death yak gores you!
You hear some strange, mumbled words.
Something tries to affect you, but you resist.
The death yak gores you. The death yak barely misses you.
You furiously retaliate!
You headbutt the death yak! Something hits you but does no damage.
The death yak misses you.
You slash something! Trog accepts your kill.
Trog appreciates your killing of a magic user.
Reactivating autopickup.
You feel a bit more experienced.
You hit the death yak. You hit the death yak but do no damage.
The death yak snorts and paws the ground.
The death yak gores you! The death yak barely misses you.
You furiously retaliate!
You headbutt the death yak! You slash the vampire!
The vampire is moderately damaged.
You hit the death yak but do no damage. You completely miss the death yak.
The death yak gores you!!
* * * LOW HITPOINT WARNING * * *
The vampire closely misses you. The vampire bites you.
* * * LOW HITPOINT WARNING * * *
The vampire draws strength from your injuries!
The death yak barely misses you.
The vampire casts a spell.
The vampire flickers and vanishes!
Deactivating autopickup; reactivate with Ctrl-A.
The death yak gores you!
You die...

..# .#.#.# .. ..#
..#.##.# #. . ..# ......
.. .# # .## #...# .##.#.#
.#### #...######.#.....
.÷..# ##...##...........
.##.####....#.#.##......(
.##<#..........Y)#.).(((.
........#.#.....@{.#
..#.#...........Y###
....###.#.#.#.#>###...
#.### #.....##.........
#.# ##....########...
..## ##...# ...#
####.####### ...#
#........... ...#
#.##.#..##..


You could see 2 death yaks.

Vanquished Creatures
  3 death yaks (D:8)
  Grinder (D:4)
  A hornet (D:7)
  A wraith (D:7)
  2 wyverns (D:8)
  A steam dragon (D:6)
  Menkaure (D:4)
  2 water moccasins
  2 orc warriors (D:7)
  4 ice beasts
  Pargi (D:3)
  A black bear (D:7)
  An ogre (D:6)
  3 centaurs
  2 bullfrogs
  5 scorpions
  A necrophage (D:6)
  4 hounds
  A jelly (D:5)
  2 orc priests
  Jessica (D:3)
  2 iguanas
  4 orc wizards
  4 gnolls (D:4)
  4 adders
  3 shadow imps
  4 white imps
  An ufetubus (D:6)
  3 worms
  3 dart slugs (D:1)
  15 orcs
  12 bats
  4 endoplasms
  14 giant cockroaches
  8 goblins
  10 hobgoblins
  2 jackals (D:2)
  4 quokkas
  6 ball pythons
  2 frilled lizards (D:1)
  10 kobolds
  2 rats
157 creatures vanquished.

Vanquished Creatures (collateral kills)
  An orc warrior (D:8)
  A hound (D:6)
  3 orcs
5 creatures vanquished.

Vanquished Creatures (others)
  A centaur (D:8)
  6 fungi (D:3)
  3 plants (D:3)
10 creatures vanquished.

Grand Total: 172 creatures vanquished

Notes
Turn   | Place    | Note
-------+----------+-------------------------------------------
     0 | D:1      | tognito the Minotaur Berserker began the quest for the Orb.
     0 | D:1      | Reached XP level 1. HP: 19/19 MP: 0/0
    86 | D:1      | Reached XP level 2. HP: 27/27 MP: 1/1
   147 | D:1      | Reached skill level 4 in Axes
   248 | D:1      | Reached ** piety under Trog
   249 | D:1      | Reached XP level 3. HP: 33/33 MP: 2/2
   571 | D:2      | Reached skill level 1 in Throwing
  1049 | D:2      | Found Uragg's Antique Armour Emporium.
  1406 | D:2      | Reached XP level 4. HP: 39/40 MP: 3/3
  1543 | D:3      | Found Libaewnotu's Antique Armour Shoppe.
  1646 | D:3      | Found a broken altar of Ashenzari.
  1728 | D:3      | Noticed Pargi
  1737 | D:3      | Killed Pargi
  1738 | D:3      | Reached skill level 5 in Axes
  1738 | D:3      | Reached XP level 5. HP: 47/47 MP: 4/4
  1878 | D:3      | Found a faded altar of an unknown god.
  1896 | D:3      | Noticed Jessica
  1900 | D:3      | Killed Jessica
  2220 | D:4      | Reached *** piety under Trog
  2245 | D:4      | Noticed Menkaure
  2252 | D:4      | Killed Menkaure
  2253 | D:4      | Reached XP level 6. HP: 41/55 MP: 5/5
  2425 | D:4      | Noticed Grinder
  2438 | D:4      | Killed Grinder
  2439 | D:4      | Reached skill level 5 in Fighting
  2439 | D:4      | Reached skill level 6 in Axes
  2439 | D:4      | Reached XP level 7. HP: 61/61 MP: 6/6
  3169 | D:5      | Entered Level 5 of the Dungeon
  3199 | D:5      | Found a staircase to the Ecumenical Temple.
  3246 | D:5      | Found a glowing drain.
  3250 | Sewer    | Entered a sewer
  3350 | Sewer    | Reached skill level 7 in Axes
  3493 | D:5      | Reached skill level 5 in Armour
  3686 | D:5      | Reached XP level 8. HP: 70/70 MP: 7/7
  4125 | D:5      | Found a radiant altar of Vehumet.
  4128 | D:5      | Found a hide-covered altar of Uskayaw.
  4129 | D:5      | Found a sacrificial altar of Ru.
  4129 | D:5      | Found a basalt altar of Yredelemnul.
  4132 | D:5      | Found a shimmering altar of Xom.
  4134 | D:5      | Found a stormy altar of Qazlal.
  4378 | D:6      | Reached skill level 8 in Axes
  4378 | D:6      | Reached skill level 5 in Dodging
  4918 | D:6      | Found a glowing golden altar of the Shining One.
  5050 | D:6      | Reached **** piety under Trog
  5067 | D:6      | Reached skill level 9 in Axes
  5067 | D:6      | Reached XP level 9. HP: 16/78 MP: 8/8
  5396 | D:6      | Identified the ring "Soblif" {Ice Str+3}
  5865 | D:7      | Reached skill level 5 in Throwing
  6168 | D:7      | Reached skill level 10 in Axes
  6653 | D:4      | Found a sparkling altar of Nemelex Xobeh.
  7041 | D:8      | Noticed a death yak
  7068 | D:8      | Killed a death yak
  7069 | D:8      | Reached XP level 10. HP: 88/88 MP: 9/9
  7084 | D:8      | Noticed a death yak
  7086 | D:8      | Noticed a death yak
  7087 | D:8      | Noticed a death yak
  7087 | D:8      | Noticed a death yak
  7095 | D:8      | Killed a death yak
  7096 | D:8      | Reached skill level 11 in Axes
  7105 | D:8      | Killed a death yak
  7110 | D:8      | Slain by a death yak

Illustrated notes

Levels and vault maps discovered:
D:1:      dpeg_arrival_pits, layout_basic, amethyst_killhole,
          chequers_mini_garden
D:2:      layout_loops_corners, serial_shops, shop
D:3:      layout_loops_cross, mainiacjoe_overflow_tiny_flanked,
          dreamdust_ecumenical_altar_grove, serial_shops, shop, uniq_pargi,
          uniq_jessica
D:4:      layout_basic, nicolae_overflow_hidden_temple,
          kennysheep_decorative_pillar, minmay_misc_feat_roman, uniq_menkaure,
          uniq_grinder
D:5:      layout_basic, minitemple, minmay_temple_entry_stoned_glass,
          gup_sewer_entry_bowl
D:6:      layout_basic, tso_metal_star, grunt_ministairs_2
D:7:      layout_layer_cave
D:8:      layout_loops_cross, dpeg_lair_monsters, serial_glass, glass_columns_a,
          glass_columns_a, glass_columns_b, glass_columns_a, glass_columns_c

Skill      XL: |  1  2  3  4  5  6  7  8  9 10 |
---------------+-------------------------------+-----
Axes           | 4 5 6 7 9 10 11 | 11.3
Fighting       | 4 5 6 8 |  8.5
Throwing       | 1 2 3 4 5 6 |  6.2
Armour         | 3 4 5 6 7 |  7.8
Dodging        | 3 4 5 6 7 |  7.2

Action                   |  1- 3 |  4- 6 |  7- 9 | 10-12 || total
-------------------------+-------+-------+-------+-------++-------
Melee: War axe           |    77 |    62 |   215 |    22 ||   376
       Hand axe          |     3 |       |       |       ||     3
       Headbutt          |     7 |     7 |    33 |     3 ||    50
       Punch             |       |       |     1 |       ||     1
Throw: Dart              |       |     5 |    33 |     1 ||    39
Invok: Berserk           |       |     3 |     2 |     1 ||     6
  Use: Potion            |     3 |     2 |     7 |       ||    12
 Stab: Sleeping          |     1 |       |       |       ||     1
Armor: Animal skin       |     5 |       |       |       ||     5
       Plate armour      |    42 |       |       |       ||    42
       Chain mail        |     5 |    48 |   142 |     7 ||   202
Dodge: Dodged            |    34 |    29 |   110 |    12 ||   185

Table legend: (Time is in decaauts)
 A = Elapsed time spent in this place.
 B = Non-inter-level travel time spent in this place.
 C = Inter-level travel time spent in this place.
 D = Time resting spent in this place.
 E = Time spent auto-exploring this place.
 F = Levels seen in this place.
 G = Mean time per level.
                   A        B        C        D        E       F      G
               +--------+--------+--------+--------+--------+-----+--------+
         Total |   7199 |   6896 |    303 |     55 |   5608 |   9 |  799.9 |
       Dungeon |   6999 |   6696 |    303 |     55 |   5466 |   8 |  874.9 |
         Sewer |    200 |    200 |      0 |      0 |    142 |   1 |  200.0 |
               +--------+--------+--------+--------+--------+-----+--------+

Top non-repeatable levels by time:
     D:6: 1424 daAuts
     D:5: 1064 daAuts
     D:4: 1032 daAuts
     D:2: 986 daAuts
     D:7: 846 daAuts
     D:3: 652 daAuts
     D:1: 578 daAuts
     D:8: 414 daAuts
   Sewer: 200 daAuts
